 Dungeon Crawl Stone Soup version 0.29-a0-334-gb41bcbb86e (webtiles) character file.

Game seed: 6188411587065302453

77 BritishOli the Skirmisher (level 4, 35/35 HPs)
             Began as a Demonspawn Monk on Apr 14, 2022.
             Got out of the dungeon alive.
             The game lasted 00:03:54 (2456 turns).

BritishOli the Skirmisher (Demonspawn Monk)         Turns: 2456, Time: 00:03:54

Health: 35/35      AC: 12    Str: 14    XL:     4   Next: 14%
Magic:  4/4        EV: 11    Int: 11    God:
Gold:   172        SH:  0    Dex: 15    Spells: 3/3 levels left

rFire   + . .      SeeInvis .   a - +0 falchion
rCold   x . .      Faith    .   (no shield)
rNeg    . . .      Spirit   .   p - +0 ring mail
rPois   .          Reflect  .   (no helmet)
rElec   .          Harm     .   (no cloak)
rCorr   .          Rampage  .   (no gloves)
Will    .....                   l - +0 pair of boots
Stlth   ++........              (no amulet)
HPRegen 0.11/turn               i - ring of fire
MPRegen 0.09/turn               n - +4 ring of protection

@: no status effects
A: yellow scales 1, powered by pain 1
a: no special abilities


You escaped.
You visited 1 branch of the dungeon, and saw 3 of its levels.

You collected 172 gold pieces.

Inventory:

Hand Weapons
 a - a +0 falchion (weapon)
Armour
 b - a +0 robe
 l - a +0 pair of boots (worn)
 p - a +0 ring mail (worn)
Jewellery
 i - a ring of fire (left hand)
 n - a +4 ring of protection (right hand)
Wands
 q - a wand of iceblast (5)
Scrolls
 d - 2 scrolls of identify {unknown}
 e - a scroll of summoning {unknown}
 f - a scroll of noise {unknown}
 h - a scroll of teleportation {unknown}
 o - a scroll of silence {unknown}
 r - a scroll of amnesia {unknown}
Potions
 c - 2 potions of ambrosia
 g - a potion of lignification {unknown}
 j - a potion of curing {unknown}
 k - a potion of cancellation {unknown}
 m - 2 potions of mutation {unknown}


   Skills:
 + Level 3.5 Fighting
 + Level 3.2 Long Blades
 + Level 3.2 Dodging
 + Level 2.7 Stealth


You had 3 spell levels left.
You didn't know any spells.
Your spell library contained the following spells:

 Spells                   Type           Power      Damage    Failure   Level
 Ensorcelled Hibernation  Hex/Ice        0%         N/A       73%         2
 Spider Form              Tmut/Pois      0%         N/A       91%         3
 Anguish                  Hex/Necr       0%         N/A       100%        4


Dungeon Overview and Level Annotations

Branches:
Dungeon (3/15)

Altars:
Gozag
Sif Muna


Innate Abilities, Weirdness & Mutations

You are partially covered in yellow scales. (AC +2)
You sometimes gain a little power by taking damage.


Message History

(D) Dungeon
Where to? (Enter - D:2, ? - help)
An adder is nearby!
The adder hisses angrily.
You closely miss the adder. The adder closely misses you.
The adder barely misses you.
You closely miss the adder. The adder barely misses you.
You hit the adder.
The adder is heavily wounded.
The adder closely misses you. The adder bites you but does no damage.
You slash the adder!
You kill the adder!
No target in view!
No target in view!
No target in view!
No target in view!
No target in view!
No target in view!
There is a stone staircase leading up here.
You can't go down here!
You can't go down here!
You climb upwards.
There is a stone staircase leading down here.
(D) Dungeon
Where to? (Enter - D:2, ? - help)
There is a stone staircase leading up here.
You climb upwards.
There is a stone staircase leading down here.
You see here a +0 dagger.
You open the door.
There is an open door here.
There is an open door here.
There is an open door here.
There is an open door here.
HP restored.
There is an open door here.
There is a fountain of clear blue water here.
There is a staircase leading out of the dungeon here.
Are you sure you want to leave the Dungeon?
This will make you lose the game!
You have escaped!

...# ##'# ##.#.##.# ...# #.#
#######.#.##.# ...#
##.###.........##.# ...#
#...##.#####.####.# ...#
#...##.#####..###.. ...#
##...##..........'.. #########
####..⌠..########.###..
........###...........#####.....#
#.......'.....⌠.@.⌠.....+.#....)#
#.##....###...........###.......#
#.##.....#####..⌠..########.....#
#.##.....# ##...##....# #.....#
..##.....### #...##.##.# #.....#
###........# #...##.##.# #.....#
#........# ##.###.##.# #.....#
#........# #.# #.##.######..#
#........# #+###'##........>.


There were no monsters in sight!

Vanquished Creatures
  2 adders
  An orc (D:3)
  10 bats
  5 endoplasms
  2 giant cockroaches (D:1)
  2 goblins
  8 hobgoblins
  5 quokkas
  9 ball pythons
  3 frilled lizards
  2 kobolds (D:1)
  6 rats
  A spectral kobold (D:2)
56 creatures vanquished.

Notes
Turn   | Place    | Note
-------+----------+-------------------------------------------
     0 | D:1      | BritishOli the Demonspawn Monk began the quest for the Orb.
     0 | D:1      | Reached XP level 1. HP: 18/18 MP: 1/1
   101 | D:1      | Gained mutation: You are partially covered in yellow
                  | scales. (AC +2) [demonic ancestry]
   101 | D:1      | Reached XP level 2. HP: 20/24 MP: 2/2
   469 | D:1      | Reached XP level 3. HP: 26/29 MP: 3/3
  1052 | D:2      | Found a faded altar of an unknown god.
  1925 | D:3      | Found an opulent altar of Gozag.
  2053 | D:3      | Found a shimmering blue altar of Sif Muna.
  2338 | D:3      | Gained mutation: You sometimes gain a little power by
                  | taking damage. [demonic ancestry]
  2338 | D:3      | Reached XP level 4. HP: 23/35 MP: 4/4
  2456 | D:$      | Got out of the dungeon alive.

Illustrated notes

Levels and vault maps discovered:
D:1:      evilmike_arrival_plus, layout_basic, minmay_quantized
D:2:      layout_basic, dreamdust_ecumenical_altar_drowned_temple,
          serial_rivers, chequers_serial_rivers_large_b,
          chequers_serial_rivers_small_a, chequers_serial_rivers_micro_b,
          chequers_serial_rivers_micro_e, chequers_serial_rivers_micro_c
D:3:      layout_basic, nicolae_sif_muna_condensation,
          mainiacjoe_overflow_tiny_flanked

Skill      XL: |  1  2 |
---------------+-------+-----
Stealth        | 2 |  2.7
Long Blades    | 3 |  3.2
Dodging        | 3 |  3.2
Fighting       | |  3.5

Action                   |  1- 3 |  4- 6 || total
-------------------------+-------+-------++-------
Melee: Falchion          |   145 |     4 ||   149
 Stab: Sleeping          |    12 |       ||    12
Armor: Robe              |    38 |       ||    38
       Ring mail         |     4 |     1 ||     5
Dodge: Dodged            |   122 |     4 ||   126

Table legend: (Time is in decaauts)
 A = Elapsed time spent in this place.
 B = Non-inter-level travel time spent in this place.
 C = Inter-level travel time spent in this place.
 D = Time resting spent in this place.
 E = Time spent auto-exploring this place.
 F = Levels seen in this place.
 G = Mean time per level.
                   A        B        C        D        E       F      G
               +--------+--------+--------+--------+--------+-----+--------+
         Total |   2510 |   2356 |    154 |      0 |   1939 |   3 |  836.7 |
       Dungeon |   2510 |   2356 |    154 |      0 |   1939 |   3 |  836.7 |
               +--------+--------+--------+--------+--------+-----+--------+

Top non-repeatable levels by time:
     D:1: 1141 daAuts
     D:2: 904 daAuts
     D:3: 464 daAuts
